 Dungeon Crawl Stone Soup version 0.23.1 (webtiles) character file.

Game seed: 15903858521073591123

597 Norn the Slinger (level 7, -3/47 HPs)
             Began as a Halfling Hunter on Mar 15, 2019.
             Shot with an arrow by a centaur (9 damage)
             ... on level 4 of the Dungeon.
             The game lasted 00:06:32 (3548 turns).

Norn the Slinger (Halfling Hunter)                  Turns: 3548, Time: 00:06:32

Health: -3/47      AC:  5    Str: 13    XL:     7   Next: 68%
Magic:  7/7        EV: 16    Int: 11    God:
Gold:   230        SH:  0    Dex: 15    Spells: 6/6 levels left

rFire    . . .     SeeInvis .   a - +1 hunting sling
rCold    . . .     Gourm    .   (shield restricted)
rNeg     . . .     Faith    .   c - +0 leather armour
rPois    .         Spirit   .   (no helmet)
rElec    .         Reflect  .   (no cloak)
rCorr    .         Harm     .   u - +1 pair of gloves
MR       .....                  (no boots)
Stlth    ++........             (no amulet)
HPRegen  0.15/turn              (no ring)
MPRegen  0.10/turn              (no ring)

@: no status effects
A: small, mutation resistance 1
a: no special abilities


You were on level 4 of the Dungeon.
You were not hungry.

You visited 1 branch of the dungeon, and saw 4 of its levels.

You collected 230 gold pieces.

Inventory:

Hand Weapons
 a - a +1 hunting sling (weapon)
 b - a +0 short sword
Missiles
 d - 17 sling bullets (quivered)
Armour
 c - a +0 leather armour (worn)
 t - a +1 shield of resistance
   (You found it on level 2 of the Dungeon)
 u - a +1 pair of gloves (worn)
   (You found it on level 2 of the Dungeon)
Jewellery
 r - an uncursed ring of magical power {unknown}
   (You found it on level 2 of the Dungeon)
Scrolls
 f - a scroll of enchant weapon {unknown}
 g - 3 scrolls of identify {unknown}
 i - 3 scrolls of noise {unknown}
 j - 4 scrolls of enchant armour {unknown}
 k - 2 scrolls of amnesia {unknown}
 l - a scroll of remove curse {unknown}
 m - 4 scrolls of teleportation {unknown}
 s - 7 scrolls of fog {unknown}
Potions
 h - 2 potions of heal wounds {unknown}
 n - 2 potions of curing {unknown}
 p - a potion of might {unknown}
 q - a potion of brilliance {unknown}
 v - a potion of magic {unknown}
 x - a potion of mutation {unknown}
Comestibles
 e - 9 rations {!d}
 w - 7 chunks of flesh


   Skills:
 + Level 3.8 Fighting
 * Level 9.8 Slings
 + Level 4.6 Dodging
 - Level 1.1 Stealth


You had 6 spell levels left.
You didn't know any spells.
Your spell library contained the following spells:

 Spells                   Type           Power        Failure   Level  Hunger
 Confusing Touch          Hex            #.....       41%         1    ##.....
 Confuse                  Hex            #.......     80%         3    ####...
 Gell's Gravitas          Tloc           #.........   80%         3    ####...
 Petrify                  Tmut/Erth      #.......     99%         4    #####..
 Metabolic Englaciation   Hex/Ice        #.........   100%        5    ######.
 Yara's Violent Unravell  Hex/Tmut       #.........   100%        5    ######.


Dungeon Overview and Level Annotations

Branches:
Dungeon (4/15)
 Temple: D:4-7

Altars:

Annotations:
D:3 1 runed translucent door, Murks's ghost, weakling TrMo


Innate Abilities, Weirdness & Mutations

You are small and have problems with some larger weapons.
You are somewhat resistant to further mutation.


Message History

The orc wizard hits you but does no damage.
Firing (i - inventory)
d - 17 sling bullets (quivered)
Aim: an orc, wielding a +0 flail (moderately wounded)
You shoot a sling bullet. The sling bullet hits the orc!
You kill the orc!
The orc wizard barely misses you.
Firing (i - inventory)
d - 16 sling bullets (quivered)
Aim: an orc wizard, wielding a +0 dagger and wearing a cursed +0 robe (heavily wounded, fast)
You shoot a sling bullet. The sling bullet misses the orc wizard.
The orc wizard hits you but does no damage.
Firing (i - inventory)
d - 15 sling bullets (quivered)
Aim: an orc wizard, wielding a +0 dagger and wearing a cursed +0 robe (heavily wounded, fast)
You shoot a sling bullet.
The sling bullet barely misses the orc wizard.
The orc wizard closely misses you. The orc wizard misses you.
Firing (i - inventory)
d - 14 sling bullets (quivered)
Aim: an orc wizard, wielding a +0 dagger and wearing a cursed +0 robe (heavily wounded, fast)
You shoot a sling bullet. The sling bullet hits the orc wizard.
The orc wizard casts a spell.
The orc wizard blinks!
Firing (i - inventory)
d - 13 sling bullets (quivered)
Aim: an orc wizard, wielding a +0 dagger and wearing a cursed +0 robe (almost dead, fast)
You shoot a sling bullet.
The sling bullet hits the orc wizard but does no damage.
The orc wizard hits you but does no damage.
Firing (i - inventory)
d - 12 sling bullets (quivered)
Aim: an orc wizard, wielding a +0 dagger and wearing a cursed +0 robe (almost dead, fast)
You shoot a sling bullet. The sling bullet hits the orc wizard.
The orc wizard hits you with a +0 dagger.
* * * LOW HITPOINT WARNING * * *
Firing (i - inventory)
d - 11 sling bullets (quivered)
Aim: an orc wizard, wielding a +0 dagger and wearing a cursed +0 robe (almost dead, fast)
You shoot a sling bullet.
The sling bullet barely misses the orc wizard.
The orc wizard hits you but does no damage.
Firing (i - inventory)
d - 10 sling bullets (quivered)
Aim: an orc wizard, wielding a +0 dagger and wearing a cursed +0 robe (almost dead, fast)
You shoot a sling bullet. The sling bullet hits the orc wizard!
You kill the orc wizard!
A centaur comes into view.
Items here: $ ( ))) ? [[ ††
s - 7 scrolls labeled HIAJEGH BIOHA (gained 1)
You now have 230 gold pieces (gained 7).
d - 17 sling bullets (gained 8)
Items here: ))) [[ †† The centaur shouts!
The centaur wields a +0 shortbow.
The centaur shoots an arrow.
The arrow barely misses you.
The centaur shoots an arrow.
The arrow hits you!
You die...

#### ..# # #.# .#
..#.#.#####(## .#
.......@..)(.## #.##
..###.##(##...# ##.#.
#.##)(....# #....
#.())((.÷..# #....
##(##...#.#######....
# #(.c(...÷......#.
#.(##............
#..##.########.##
#..##.# #.#


You could see a centaur.

Vanquished Creatures
  An ogre (D:3)
  2 howler monkeys (D:4)
  2 orc priests (D:2)
  2 hounds (D:4)
  4 orc wizards (D:4)
  2 worker ants (D:4)
  4 gnolls (D:4)
  3 adders
  An ooze (D:2)
  An adder skeleton (D:4)
  2 dart slugs (D:1)
  5 leopard geckos (D:1)
  12 orcs
  11 bats
  5 giant cockroaches
  4 goblins
  6 hobgoblins
  4 jackals (D:1)
  A quokka (D:3)
  A ball python (D:3)
  4 frilled lizards
  4 kobolds
  A quokka skeleton (D:4)
  5 rats
87 creatures vanquished.

Notes
Turn   | Place    | Note
-------+----------+-------------------------------------------
     0 | D:1      | Norn the Halfling Hunter began the quest for the Orb.
     0 | D:1      | Reached XP level 1. HP: 14/14 MP: 1/1
    44 | D:1      | Reached skill level 6 in Slings
   167 | D:1      | Reached XP level 2. HP: 19/19 MP: 2/2
   345 | D:1      | Reached XP level 3. HP: 10/24 MP: 3/3
  1190 | D:2      | Reached XP level 4. HP: 29/29 MP: 4/4
  1394 | D:2      | Reached skill level 7 in Slings
  1498 | D:2      | Reached XP level 5. HP: 35/35 MP: 5/5
  2300 | D:3      | Found a runed translucent door.
  2315 | D:3      | Noticed an ogre
  2716 | D:3      | Killed an ogre
  2716 | D:3      | Reached skill level 8 in Slings
  2716 | D:3      | Reached XP level 6. HP: 42/42 MP: 6/6
  3247 | D:3      | Noticed Murks's ghost (weakling TrMo)
  3403 | D:4      | Reached skill level 9 in Slings
  3403 | D:4      | Reached XP level 7. HP: 36/46 MP: 7/7
  3548 | D:4      | Shot with an arrow by a centaur

Skill      XL: |  1  2  3  4  5  6 |
---------------+-------------------+-----
Slings         | 6 7 8 9 |  9.8
Fighting       | 2 3 |  3.8
Dodging        | 3 4 |  4.6
Stealth        | |  1.1

Action                   |  1- 3 |  4- 6 |  7- 9 || total
-------------------------+-------+-------+-------++-------
Melee: Short sword       |    23 |       |       ||    23
 Fire: Hunting sling     |    85 |   171 |    69 ||   325
  Eat: Chunk             |     1 |     3 |       ||     4
       Ration            |       |     1 |       ||     1
Armor: Leather armour    |    13 |     6 |     4 ||    23
Dodge: Dodged            |    35 |    41 |    14 ||    90
